 Dungeon Crawl Stone Soup version 0.29-a0-284-gf9362112df (webtiles) character file.

Game seed: 8466707299073556518

322 sammy202020 the Skirmisher (level 6, -4/56 HPs)
             Began as a Minotaur Fighter on Mar 15, 2022.
             Slain by Menkaure (9 damage)
             ... on level 4 of the Dungeon on Mar 16, 2022.
             The game lasted 00:05:15 (2937 turns).

sammy202020 the Skirmisher (Minotaur Fighter)       Turns: 2937, Time: 00:05:15

Health: -4/56      AC: 12    Str: 21    XL:     6   Next: 22%
Magic:  5/5        EV:  6    Int:  7    God:
Gold:   151        SH:  0    Dex:  9    Spells: 5/5 levels left

rFire   . . .      SeeInvis .   a - +0 war axe
rCold   . . .      Faith    .   e - orb {light}
rNeg    . . .      Spirit   .   k - +0 plate armour
rPois   .          Reflect  .   (helmet restricted)
rElec   .          Harm     .   (no cloak)
rCorr   .          Rampage  .   (no gloves)
Will    .....                   (no boots)
Stlth   ..........              (no amulet)
HPRegen 0.18/turn               (no ring)
MPRegen 0.09/turn               (no ring)

@: mighty, glowing
A: horns 2, retaliatory headbutt
a: no special abilities


You were on level 4 of the Dungeon.
You visited 1 branch of the dungeon, and saw 4 of its levels.

You collected 151 gold pieces.

Inventory:

Hand Weapons
 a - a +0 war axe (weapon)
 q - a +0 war axe
Missiles
 v - 2 poisoned darts (quivered)
Armour
 b - a +0 scale mail
 c - a +0 buckler
 e - an orb of light (worn)
 k - a +0 plate armour (worn)
Jewellery
 n - a ring of wizardry
 p - an amulet of reflection
 w - a ring of see invisible
Scrolls
 g - a scroll of fear {unknown}
 h - 3 scrolls of amnesia {unknown}
 i - a scroll of summoning {unknown}
 l - a scroll of blinking {unknown}
 m - a scroll of vulnerability {unknown}
 o - 5 scrolls of identify {unknown}
 r - a scroll of fog {unknown}
 s - a scroll of enchant weapon {unknown}
 t - a scroll of teleportation
Potions
 f - a potion of resistance {unknown}
 j - a potion of lignification {unknown}
 u - a potion of heal wounds {unknown}


   Skills:
 * Level 5.1 Fighting
 * Level 4.2 Axes
 * Level 5.0 Armour
 + Level 2.2 Dodging
 * Level 5.1 Shields


You had 5 spell levels left.
You didn't know any spells.
Your spell library was empty.

Dungeon Overview and Level Annotations

Branches:
Dungeon (4/15)
 Temple: D:4-7

Altars:
Uskayaw

Annotations:
D:4 Menkaure


Innate Abilities, Weirdness & Mutations

You have a pair of horns on your head.
You reflexively headbutt those who attack you in melee.


Message History

Menkaure attacks as you move away! Menkaure hits you!
The jackal bites you but does no damage.
Menkaure calls on the powers of darkness!
The jackal convulses!
The hound convulses!
The ball python convulses!
The jackal convulses!
Your body is wracked with pain!
The hobgoblin convulses!
The jackal bites you but does no damage.
You hit the jackal.
The jackal is almost dead.
The jackal bites you but does no damage. x2
You feel very mighty all of a sudden.
You slash the hound!
You kill the hound!
The jackal completely misses you.
Your Armour skill increases to level 5!
You slice the jackal!!
You kill the jackal!
The ball python bites you but does no damage.
The ball python barely misses you.
You slash the ball python!
You kill the ball python!
Menkaure calls on the powers of darkness!
The hobgoblin convulses!
The jackal convulses!
Your body is wracked with pain!
* * * LOW HITPOINT WARNING * * *
The jackal bites you.
* * * LOW HITPOINT WARNING * * *
You barely miss the jackal.
The jackal is moderately wounded.
The jackal closely misses you. The jackal completely misses you.
You hit the jackal.
You kill the jackal!
Menkaure points at you and mumbles some strange words.
Pain shoots through your body!
* * * LOW HITPOINT WARNING * * *
Menkaure calls on the powers of darkness!
Your body is wracked with pain!
* * * LOW HITPOINT WARNING * * *
You slice the hobgoblin!!
You kill the hobgoblin!
Menkaure hits you!
You die...

###.####...........#
.#..# ##..........#
...# ##..####.###
#.## ##.# #.# ...#
#. #.# .#.# #.#
...### #.# .....###
#.# .......# # #@#
##..#...# ###.##M##
###.....# #...)...#
.<...#...#.....#..#
####..#...........#
#....h........#
##...........#
##..........
#...........


You could see Menkaure (fast).

Vanquished Creatures
  2 scorpions
  A hound (D:4)
  Natasha (D:4)
  4 adders
  3 gnolls (D:3)
  3 worms
  2 dart slugs (D:1)
  5 orcs
  4 ball pythons
  5 bats
  5 endoplasms
  A giant cockroach (D:3)
  7 goblins
  8 hobgoblins
  5 jackals
  8 quokkas
  3 frilled lizards
  7 kobolds
  4 rats
78 creatures vanquished.

Vanquished Creatures (others)
  3 plants (D:3)
3 creatures vanquished.

Grand Total: 81 creatures vanquished

Notes
Turn   | Place    | Note
-------+----------+-------------------------------------------
     0 | D:1      | sammy202020 the Minotaur Fighter began the quest for the
                  | Orb.
     0 | D:1      | Reached XP level 1. HP: 19/19 MP: 0/0
   126 | D:1      | Found a faded altar of an unknown god.
   194 | D:1      | Reached XP level 2. HP: 25/27 MP: 1/1
   844 | D:2      | Reached XP level 3. HP: 27/33 MP: 2/2
  1154 | D:2      | Reached skill level 1 in Dodging
  1262 | D:2      | Reached XP level 4. HP: 37/40 MP: 3/3
  2206 | D:3      | Found a hide-covered altar of Uskayaw.
  2403 | D:3      | Noticed a scorpion
  2411 | D:3      | Killed a scorpion
  2412 | D:3      | Reached XP level 5. HP: 47/47 MP: 4/4
  2561 | D:4      | Reached skill level 5 in Shields
  2704 | D:4      | Reached XP level 6. HP: 55/55 MP: 5/5
  2704 | D:4      | Noticed Natasha
  2712 | D:4      | Killed Natasha
  2713 | D:4      | Reached skill level 5 in Fighting
  2920 | D:4      | Noticed Menkaure
  2933 | D:4      | Reached skill level 5 in Armour
  2937 | D:4      | Slain by Menkaure

Illustrated notes

Levels and vault maps discovered:
D:1:      psy_arrival_basics, layout_basic, ebering_ecumenical_altar_box
D:2:      layout_rooms
D:3:      wad_crossroads, layout_loops_ring, lemuel_crystal_altar,
          serial_rivers, chequers_serial_rivers_micro_a,
          chequers_serial_rivers_micro_a, chequers_serial_rivers_micro_e,
          chequers_serial_rivers_micro_c, chequers_serial_rivers_small_a,
          amcnicky_mini_rare_corridor_liquid, serial_bayou_pond_c
D:4:      layout_rooms, corexii_hall_statues_s, uniq_blork_the_orc,
          uniq_menkaure, uniq_natasha

Skill      XL: |  1  2  3  4  5  6 |
---------------+-------------------+-----
Armour         | 4 5 |  5.0
Shields        | 4 5 |  5.1
Fighting       | 4 5 |  5.1
Axes           | 3 4 |  4.2
Dodging        | 1 2 |  2.2

Action                   |  1- 3 |  4- 6 || total
-------------------------+-------+-------++-------
Melee: War axe           |    86 |    81 ||   167
       Headbutt          |    11 |    14 ||    25
  Use: Scroll            |     3 |       ||     3
       Potion            |       |     1 ||     1
Armor: Scale mail        |    41 |     5 ||    46
       Plate armour      |       |    66 ||    66
Dodge: Dodged            |    44 |    32 ||    76
Block: Buckler           |    17 |       ||    17

Table legend: (Time is in decaauts)
 A = Elapsed time spent in this place.
 B = Non-inter-level travel time spent in this place.
 C = Inter-level travel time spent in this place.
 D = Time resting spent in this place.
 E = Time spent auto-exploring this place.
 F = Levels seen in this place.
 G = Mean time per level.
                   A        B        C        D        E       F      G
               +--------+--------+--------+--------+--------+-----+--------+
         Total |   3017 |   2907 |    110 |      0 |   2308 |   4 |  754.2 |
       Dungeon |   3017 |   2907 |    110 |      0 |   2308 |   4 |  754.2 |
               +--------+--------+--------+--------+--------+-----+--------+

Top non-repeatable levels by time:
     D:3: 1054 daAuts
     D:1: 855 daAuts
     D:2: 675 daAuts
     D:4: 432 daAuts
